 Dungeon Crawl Stone Soup version 0.19.0-11-g3fc08b3 (webtiles) character file.

77 Gingerlord the Shield-Bearer (level 4, -4/33 HPs)
             Began as a Human Wanderer on Nov 8, 2016.
             Slain by Sigmund
             ... wielding a +0 scythe
              (9 damage)
             ... on level 3 of the Dungeon.
             The game lasted 00:03:30 (2643 turns).

Gingerlord the Shield-Bearer (Human Wanderer)       Turns: 2643, Time: 00:03:30

Health: -4/33      AC:  7    Str: 13    XL:     4   Next: 58%
Magic:  4/4        EV:  8    Int: 13    God:
Gold:   110        SH:  0    Dex: 12    Spells: 0 memorised, 3 levels left

rFire  + . .     SeeInvis .     n - +0 spear (venom)
rCold  . . .     Gourm    +     b - +0 ring mail
rNeg   . . .     Faith    .     a - +0 shield
rPois  .         Spirit   .     h - +0 helmet
rElec  .         Reflect  .     r - +0 cloak
rCorr  .         Harm     .     (no gloves)
MR     .....                    (no boots)
Stlth  ..........               j - amulet of the gourmand
                                (no ring)
                                i - ring of protection from fire

@: confused
A: no striking features
a: no special abilities


You were on level 3 of the Dungeon.
You were not hungry.

You visited 1 branch of the dungeon, and saw 3 of its levels.

You collected 110 gold pieces.

Inventory:

Hand Weapons
 n - a +0 spear of venom (weapon)
Armour
 a - a +0 shield (worn)
 b - a +0 ring mail (worn)
 h - a +0 helmet (worn)
 r - a +0 cloak (worn)
Jewellery
 i - a ring of protection from fire (left hand)
 j - an amulet of the gourmand (around neck)
Wands
 d - a wand of disintegration (16/24)
Scrolls
 c - 3 scrolls of teleportation {unknown}
 g - 3 scrolls of amnesia {unknown}
 m - a scroll of enchant armour {unknown}
 q - 2 scrolls of identify {unknown}
 t - a scroll of magic mapping {unknown}
Potions
 e - 2 potions of flight {unknown}
 k - a potion of lignification {unknown}
 p - a potion of invisibility {unknown}
Comestibles
 f - 3 bread rations
 l - a beef jerky
 o - 2 fruits
 s - a meat ration


   Skills:
 + Level 2.2 Fighting
   Level 1.0 Maces & Flails
 + Level 0.6 Polearms
   Level 2.0 Crossbows
 + Level 2.4 Armour
 + Level 1.4 Dodging
 + Level 2.6 Shields
   Level 1.0 Necromancy
   Level 2.0 Ice Magic


You had 3 spell levels left.
You didn't know any spells.

Dungeon Overview and Level Annotations

Branches:
Dungeon (3/15)

Altars:

Annotations:
D:3 Sigmund


Message History

You barely miss something. Something hits you!
Your shield prevents you from hitting something.
Something hits you.
You hit something.
You hear some strange, mumbled words.
Something tries to affect you, but you resist.
You hit something.
You hear some strange, mumbled words.
You are confused.
Something hits you!
You bump into the rock wall.
You hear some strange, mumbled words.
A magic dart appears from out of thin air!
The magic dart hits you!
You hear some strange, mumbled words.
A puff of flame appears from out of thin air!
The puff of flame hits you! You resist.
* * * LOW HITPOINT WARNING * * *
Something hits you!
You die...

#############
#............
#.##########[
###############.#
#.
.##.....)...@.....#
#.
.......<..{.....#.#
#######.
..#.##########....#
#....... #.#..#
#.####.. #.#..# #.#
#..
#.#..####.####..
#.#.......@.....
#.#.#####.####.#
#.#.# #.# #.#


There were no monsters in sight!

Vanquished Creatures
  2 adders
  2 oozes (D:2)
  A worm (D:3)
  A dart slug (D:1)
  2 leopard geckos (D:1)
  3 orcs (D:3)
  A ball python (D:2)
  3 giant cockroaches (D:1)
  5 goblins (D:1)
  A hobgoblin (D:3)
  2 jackals (D:1)
  3 kobolds
  A quokka (D:2)
  4 bats
  5 frilled lizards
  4 rats
40 creatures vanquished.

Notes
Turn   | Place    | Note
-------+----------+-------------------------------------------
     0 | D:1      | Gingerlord the Human Wanderer began the quest for the Orb.
     0 | D:1      | Gingerlord set off with: a +0 shield, a +0 ring mail, Sif Muna's Reference Book on the Glacier, a +0 club, a bread ration
     0 | D:1      | Reached XP level 1. HP: 15/15 MP: 1/1
   191 | D:1      | Reached XP level 2. HP: 18/21 MP: 2/2
   734 | D:1      | Reached skill level 1 in Maces & Flails
   933 | D:1      | Reached XP level 3. HP: 24/26 MP: 3/3
  1182 | D:1      | Reached skill level 1 in Dodging
  1825 | D:2      | Reached XP level 4. HP: 26/33 MP: 4/4
  2434 | D:3      | Noticed Sigmund
  2643 | D:3      | Slain by Sigmund

Skill      XL: |  1  2  3 |
---------------+----------+-----
Maces & Flails | 1 |  1.0
Dodging        | 1 |  1.4
Fighting       | 2 |  2.2
Polearms       | |  0.6
Crossbows      | |  2.0
Armour         | |  2.4
Shields        | |  2.6
Necromancy     | |  1.0
Ice Magic      | |  2.0

Action                   |  1- 3 |  4- 6 || total
-------------------------+-------+-------++-------
Melee: Club              |   171 |       ||   171
       Spear             |    24 |    30 ||    54
  Eat: Chunk             |     3 |     4 ||     7
Armor: Ring mail         |   107 |     8 ||   115
Dodge: Dodged            |    74 |     1 ||    75
Block: Shield            |    90 |     7 ||    97
